 Dungeon Crawl Stone Soup version 0.29-a0-330-g52719c12eb (webtiles) character file.

Game seed: 12719943530994195415

155951 Ajdolov the Warrior (level 18, -4/167 HPs)
             Began as a Djinni Earth Elementalist on Apr 15, 2022.
             Was a High Priest of Ashenzari.
             Slain by the 27-headed Lernaean hydra (8 damage)
             ... on level 4 of the Swamp.
             The game lasted 01:25:09 (45117 turns).

Ajdolov the Warrior (Djinni Earth Elementalist)    Turns: 45117, Time: 01:25:11

Health: -4/167     AC: 16    Str:  5    XL:     18   Next: 29%
Gold:   2940       EV: 13    Int: 31    God:    Ashenzari [*****.] SH: 14 Dex: 14

rFire   + + .      SeeInvis +   N - +10 dagger of the Pure Xalams {venom, rElec Will+ Str-2 SInv}
rCold   + . .      Faith    .   j - +1 kite shield of Ashenzari's Portent {rC+, Melee, Self} (curse)
rNeg    . . .      Spirit   .   c - +2 ring mail "Chained Together" {rF+, Self, Evo} (curse)
rPois   ∞          Reflect  .   K - +0 helmet "Adversity of Ashenzari" {Self, Range} (curse)
rElec   +          Harm     .   s - +2 cloak "Dismay of Ashenzari" {Fort, Self} (curse)
rCorr   .          Rampage  .   R - +0 pair of gloves of Ashenzari's Planets {Fort, Self} (curse)
Will    ++...      Clarity  +   (boots unavailable)
Stlth   +.........              M - amulet of regeneration
HPRegen 1.17/turn               t - ring of the Eye in the Sky {Ice, Range, Self} (curse)
MPRegen 0.00/turn               x - ring "Soothsayer of Ashenzari" {Int+6, Self, Evo} (curse)

@: about to teleport, flying, invisible
A: sickness immunity, fire resistance 2, cold vulnerability 1, float, innate
caster, HP casting, extra vitality 1
a: Renounce Religion, Shatter the Chains


You were on level 4 of the Swamp.
You worshipped Ashenzari.
Ashenzari was extremely pleased with you.
You visited 5 branches of the dungeon, and saw 28 of its levels.
You also visited: Sewer, Gauntlet and Ice Cave.

You collected 3045 gold pieces.
You spent 105 gold pieces at shops.

Inventory:

Hand Weapons
 N - the +10 dagger of the Pure Xalams (weapon) {venom, rElec Will+ Str-2 SInv}
   (You took it off an orc knight on level 15 of the Dungeon)

   It poisons the flesh of those it strikes.
   Str:       It affects your strength (-2).
   rElec:     It insulates you from electricity.
   SInv:      It lets you see invisible.
   Will:      It increases your willpower.
Missiles
 a - 698 stones
 E - 7 curare-tipped darts
 Z - 2 throwing nets
Armour
 c - the cursed +2 ring mail "Chained Together" (worn) {rF+, Self, Evo}
   (You found it on level 2 of the Dungeon)

   It has a curse which improves the following skills: Introspection: Fighting
   and Spellcasting.
   Evocations: Evocations.
 j - the cursed +1 kite shield of Ashenzari's Portent (worn) {rC+, Melee, Self}
   (You took it off a vault guard on level 14 of the Dungeon)

   It has a curse which improves the following skills: Melee Combat: Short
   Blades, Long Blades, Axes, Maces & Flails, Polearms, Staves and Unarmed
   Combat.
   Introspection: Fighting and Spellcasting.
 s - the cursed +2 cloak "Dismay of Ashenzari" (worn) {Fort, Self}
   (You found it on level 3 of the Dungeon)

   It has a curse which improves the following skills: Fortitude: Armour and
   Shields.
   Introspection: Fighting and Spellcasting.
 C - a +0 robe of the Archmagi
 K - the cursed +0 helmet "Adversity of Ashenzari" (worn) {Self, Range}
   (You found it on level 2 of the Lair of Beasts)

   It has a curse which improves the following skills: Introspection: Fighting
   and Spellcasting.
   Ranged Combat: Slings, Bows, Crossbows and Throwing.
 R - the cursed +0 pair of gloves of Ashenzari's Planets (worn) {Fort, Self}
   (You found it on level 4 of the Lair of Beasts)

   It has a curse which improves the following skills: Fortitude: Armour and
   Shields.
   Introspection: Fighting and Spellcasting.
Jewellery
 f - the ring "Kiahengath" {Will+ Int+4 SInv}
   (You took it off a wizard on level 15 of the Dungeon)

   [ring of willpower]

   Int:       It affects your intelligence (+4).
   SInv:      It lets you see invisible.
   Will:      It increases your willpower.
 t - the cursed ring of the Eye in the Sky (left hand) {Ice, Range, Self}
   (You found it on level 4 of the Dungeon)

   [ring of ice]

   It enhances your ice magic.
   rF:        It makes you vulnerable to fire.
   rC:        It protects you from cold.
   It has a curse which improves the following skills: Ranged Combat: Slings,
   Bows, Crossbows and Throwing.
   Introspection: Fighting and Spellcasting.
 x - the cursed ring "Soothsayer of Ashenzari" (right hand) {Int+6, Self, Evo}
   (You took it off an orc on level 5 of the Dungeon)

   [ring of intelligence]

   Int:       It affects your intelligence (+6).
   It has a curse which improves the following skills: Introspection: Fighting
   and Spellcasting.
   Evocations: Evocations.
 M - an amulet of regeneration (around neck)
 P - a ring of wizardry
 S - a ring of protection from cold
Wands
 b - a wand of polymorph (9)
 z - a wand of paralysis (12)
 A - a wand of flame (90)
 B - a wand of acid (3)
 G - a wand of digging (17)
 O - a wand of charming (8)
 Q - a wand of mindburst (4)
 T - a wand of iceblast (10)
Scrolls
 e - 6 scrolls of holy word
 h - 15 scrolls of teleportation
 i - 8 scrolls of magic mapping
 l - 2 scrolls of blinking
 r - 4 scrolls of vulnerability
 u - 5 scrolls of fear
 v - 4 scrolls of noise
 y - 4 scrolls of immolation
 F - a scroll of enchant weapon
 H - 5 scrolls of brand weapon
 U - a scroll of summoning
 V - 4 scrolls of enchant armour
 Y - a scroll of silence
Potions
 d - 5 potions of mutation
 g - 10 potions of lignification
 k - 4 potions of heal wounds
 m - 9 potions of haste
 n - 4 potions of might
 o - 3 potions of brilliance
 p - 3 potions of magic
 q - 15 potions of curing
 w - 4 potions of attraction
 D - 2 potions of resistance
 J - a potion of berserk rage
 W - 2 potions of cancellation
Miscellaneous
 X - a lightning rod (4/4)


   Skills:
 - Level 19.1(27) Fighting
 - Level 7.5(11.0) Armour
 * Level 15.7 Dodging
 - Level 1.5 Stealth
 - Level 11.5(15.0) Shields
 - Level 12.5(20.6) Spellcasting


You had 16 spell levels left.
You knew the following spells:

 Your Spells              Type           Power      Damage    Failure   Level
a - Sandblast             Erth           100%       2d20      0%          1
b - Passwall              Tmut/Erth      85%        N/A       0%          2
c - Stone Arrow           Conj/Erth      100%       3d13      0%          3
d - Petrify               Tmut/Erth      100%       N/A       0%          4
e - Foxfire               Conj/Fire      100%       2x1d9     0%          1
f - Poisonous Vapours     Pois/Air       100%       N/A       0%          2
g - Tukima's Dance        Hex            100%       N/A       0%          3
h - Flame Wave            Conj/Fire      100%       2d17      0%          4
i - Summon Lightning Spi  Summ/Air       100%       N/A       0%          4
j - Lightning Bolt        Conj/Air       51%        1d72      1%          5
k - Death Channel         Necr           51%        N/A       1%          6
l - Ozocubu's Refrigerat  Ice            63%        4d17      1%          7
Your spell library was empty.

Dungeon Overview and Level Annotations

Branches:
Dungeon (15/15)            Temple (1/1) D:6            Lair (6/6) D:8
  Swamp (4/4) Lair:3        Snake (0/4) Lair:2        Slime (0/5) Lair:6
    Orc (2/2) D:9             Elf (0/3) Orc:2        Vaults (0/5) D:14
 Depths (0/4) D:15          Sewer (visited)           IceCv (visited)
Gauntlet (visited)

Altars:
Ashenzari
Elyvilon
Fedhas
Gozag
Hepliaklqana
Kikubaaqudgha
Makhleb
Okawaru
Qazlal
Sif Muna
Trog
Uskayaw
Vehumet
Wu Jian
Xom
Yredelemnul
Zin
The Shining One
Beogh
Jiyva
Lugonu

Shops:
D:1 ?(*!   D:6 *   D:8 *   D:9 (   D:11 *   D:14 *:?*   Orc:2 ::[=?

Portals:
Abyss: D:3

Annotations:
D:3 2 runed translucent doors
D:7 2 transporters, kae's ghost, novice TeFE
D:13 2 transporters, Tehoodus's ghost, journeyman TeHu
D:15 2 transporters
Swamp:4 Lernaean hydra
Orc:2 3 runed translucent doors, Citwyu Quru's ghost, journeyman DjFE


Innate Abilities, Weirdness & Mutations

You are immune to sickness and miasma.
You are immune to poison.
Your flesh is very heat resistant. (rF++)
You are vulnerable to cold. (rC-)
You float through the air rather than walking.
You learn spells naturally, not from books.
Your magical power is your life essence.
You have superior vitality. (+4 MHP)


Message History

Unknown command.
You are too injured to fight recklessly!
Aiming: Lightning Bolt (safe; 1% risk of failure)
Press: ? - help, Q - select action, (/) - cycle Shift-Dir - straight line, f - 27-headed Lernaean hydra
Aim: the 27-headed Lernaean hydra (heavily wounded, ally target, 89% to hit)
You hear a mighty clap of thunder!
The bolt of lightning hits the 27-headed Lernaean hydra!
The 27-headed Lernaean hydra is heavily wounded.
* * * LOW HITPOINT WARNING * * *
You hear a roar! x2; You hear a shout!
You hear a roar! x3
You hear a deafening roar! x2; You hear a roar!
A swamp drake comes into view.
Unknown command.
As you read the scroll of teleportation, it crumbles to dust.
You feel strangely unstable.
A swamp dragon comes into view.
Okay, then.
Press: ? - help, v - describe, . - travel
Here: the 27-headed Lernaean hydra (heavily wounded, ally target) Some shallow water.
You fade into invisibility!
The 27-headed Lernaean hydra bites you.
* * * LOW HITPOINT WARNING * * *
The 27-headed Lernaean hydra bites you but does no damage.
The 27-headed Lernaean hydra bites you.
* * * LOW HITPOINT WARNING * * *
You block the 27-headed Lernaean hydra's attack.
The 27-headed Lernaean hydra closely misses you.
The 27-headed Lernaean hydra bites you.
* * * LOW HITPOINT WARNING * * *
The 27-headed Lernaean hydra bites you.
* * * LOW HITPOINT WARNING * * *
The 27-headed Lernaean hydra bites you but does no damage.
You block the 27-headed Lernaean hydra's attack.
The 27-headed Lernaean hydra bites you.
* * * LOW HITPOINT WARNING * * *
The 27-headed Lernaean hydra bites you!
* * * LOW HITPOINT WARNING * * *
The 27-headed Lernaean hydra bites you!
You die...

≈ * ,≈≈≈.♣.≈≈<♣♣♣♣♣
♣♣♣≈≈..♣≈≈≈♣ ≈≈
..?....≈♣≈♣♣♣♣≈♣.≈≈≈.♣≈..≈ , ,
.≈.#........♣♣♣.≈≈≈≈♣♣≈≈≈. ,
≈§......≈.≈.♣♣♣..≈§≈.≈≈≈≈≈ ≈ ,
♣....≈..≈..≈♣♣♣♣.≈≈≈≈≈≈≈≈. ≈ ,
*♣.D§.≈≈≈≈....§..≈.≈≈..≈≈≈≈
≈≈..§≈≈§≈D.†≈≈≈.≈.♣..♣♣♣♣♣≈≈≈≈≈
,
≈≈..≈≈≈≈≈...≈≈....≈≈♣♣♣♣♣♣≈≈≈≈≈
**.§≈≈≈k≈≈.8§@≈♣.≈≈≈.≈≈≈.≈≈≈≈≈
* *♣≈≈≈≈≈≈≈≈≈D≈≈..≈≈≈..≈≈≈≈≈≈≈≈
♣.≈≈≈≈≈≈≈≈≈≈≈.≈.≈.≈≈≈....≈≈≈
♣.≈≈≈≈≈≈≈≈≈≈≈≈♣♣♣♣♣♣♣♣♣..≈≈≈
♣..≈≈≈≈≈...≈.≈♣♣♣♣♣♣♣♣♣≈.≈.≈
♣♣..≈≈≈≈..≈.♣.♣♣♣ ♣♣♣♣♣♣.≈≈
♣♣≈..≈≈..≈♣♣♣♣♣♣ ♣♣♣♣♣.≈.
*♣♣8.≈..≈♣♣♣♣♣♣♣ ♣♣♣♣..≈
♣..♣≈♣♣♣♣♣♣♣♣♣ ♣♣≈≈≈≈


You could see the 27-headed Lernaean hydra (can't see you, ally target), 2 swamp
dragons, a swamp drake (can't see you) and a friendly lightning spire
(summoned).

Vanquished Creatures
  Jorgrun (Swamp:2)
  A thorn hunter (Swamp:1)
  A tengu reaver (D:15)
  A frost giant (D:15)
  A broodmother (shapeshifter) (D:15)
  A stone giant (D:15)
  11 eleionomae
  A minotaur (Gauntlet)
  A white draconian (IceCv)
  An ettin (D:15)
  Snorg (Lair:4)
  A rakshasa (D:15)
  A salamander tyrant (D:15)
  A great orb of eyes (D:15)
  6 vault guards
  15 hydras
  6 boulder beetles
  An anaconda (shapeshifter) (D:15)
  2 catoblepae
  6 ogre magi
  Erica (D:9)
  5 centaur warriors
  9 alligators
  12 two-headed ogres
  A deep troll earth mage (D:15)
  An orc high priest (Orc:2)
  5 death yaks
  2 tengu warriors (D:15)
  A deep elf knight (D:14)
  Nergalle (D:11)
  6 goliath frogs
  A salamander mystic (D:15)
  2 skeletal warriors (D:13)
  A flayed ghost (D:15)
  A death drake (Swamp:4)
  2 spriggan druids
  A bog body (Lair:3)
  A glowing orange brain (D:15)
  A harpy (Lair:6)
  2 orc knights (D:15)
  A swamp dragon (Swamp:3)
  2 deep elf pyromancers (D:15)
  A wizard (D:15)
  A necromancer (D:14)
  2 orc sorcerers (Orc:2)
  A deep elf zephyrmancer (D:15)
  9 ugly things
  7 manticores
  8 cyclopes
  2 salamanders (D:15)
  A salamander (shapeshifter) (D:15)
  4 will-o-the-wisps
  7 slime creatures
  4 black mambas
  4 elephants (Lair:6)
  3 guardian serpents (D:15)
  A kobold demonologist (D:13)
  A torpor snail (shapeshifter) (D:15)
  An ice statue (IceCv)
  Maggie (D:9)
  12 cane toads
  A freezing wraith (D:13)
  3 rime drakes
  An efreet (Gauntlet)
  6 komodo dragons
  A komodo dragon (shapeshifter) (D:14)
  2 yaktaurs
  5 trolls
  5 meliai
  3 hornets (Swamp:4)
  A bloated husk (Swamp:1)
  4 polar bears
  A merfolk (shapeshifter) (D:14)
  7 tyrant leeches
  A wind drake (Lair:6)
  20 blink frogs
  2 dream sheep (Lair:2)
  2 centaur simulacra (Gauntlet)
  A vampire (D:10)
  3 spriggans (Swamp:4)
  2 shadows
  2 wyverns
  10 humans (D:14)
  5 basilisks
  3 wraiths
  3 fire elementals
  4 steam dragons
  9 yaks
  15 vampire mosquitoes
  2 wargs (Orc:2)
  A harpy simulacrum (D:15)
  10 swamp worms
  An acid dragon (D:12)
  7 hell hounds
  19 water moccasins
  A swamp drake (Swamp:4)
  A sky beast (shapeshifter) (D:15)
  An ice beast (D:7)
  3 black bears
  A meliai simulacrum (Gauntlet)
  2 sky beasts
  21 orc warriors
  12 centaurs
  22 ogres
  2 phantoms
  6 kobold brigands
  2 necrophages
  6 bullfrogs
  2 gnoll sergeants
  2 cane toad simulacra (Lair:4)
  A scorpion (D:5)
  8 wights
  7 killer bees
  2 lindwurm simulacra (IceCv)
  An elephant simulacrum (Lair:4)
  5 komodo dragon simulacra (IceCv)
  2 jellies
  A wyvern simulacrum (Gauntlet)
  11 orc priests
  2 hounds
  Terence (D:2)
  17 orc wizards
  Natasha (D:2)
  2 iguanas
  A merfolk siren (Sewer)
  A polar bear simulacrum (Lair:4)
  2 merfolk avatars
  9 gnolls
  9 adders
  3 river rats (Sewer)
  4 acid dragon simulacra (IceCv)
  2 shadow imps
  4 white imps
  2 ufetubi (D:5)
  6 steam dragon simulacra (IceCv)
  7 dart slugs
  62 orcs
  18 ball pythons
  9 endoplasms
  4 giant cockroaches
  8 goblins
  5 hobgoblins
  7 quokkas
  2 bats
  17 frilled lizards
  21 kobolds
  31 rats
730 creatures vanquished.

Vanquished Creatures (collateral kills)
  Azrael (D:15)
  2 hydras
  2 boulder beetles
  2 catoblepae
  2 two-headed ogres (Orc:2)
  2 centaur warriors
  2 death yaks (Lair:6)
  A goliath frog (Swamp:1)
  A bog body (Swamp:2)
  2 orc knights (D:15)
  A necromancer (D:14)
  A cyclops (D:15)
  A manticore (D:15)
  2 black mambas
  A guardian serpent (D:15)
  2 elephants (Lair:6)
  A torpor snail (Lair:3)
  An ice statue (IceCv)
  6 cane toads
  4 komodo dragons
  4 rime drakes
  A polar bear (Lair:2)
  11 blink frogs
  3 dream sheep (Lair:2)
  A snapping turtle (Lair:6)
  A vampire (D:12)
  2 wyverns
  9 humans (D:14)
  3 yaks
  2 fire elementals
  A basilisk (Lair:3)
  A steam dragon (Lair:3)
  4 vampire mosquitoes (D:12)
  A warg (Orc:2)
  A swamp worm (Swamp:1)
  3 nagas (Lair:2)
  2 water moccasins
  A hell hound (D:15)
  A swamp drake (Swamp:4)
  2 orc warriors
  5 ogres (Orc:2)
  2 centaurs
  3 bullfrogs
  A cane toad simulacrum (Lair:4)
  A gnoll sergeant (Orc:2)
  2 howler monkeys (D:13)
  An orc priest (Orc:2)
  3 orc wizards
  A polar bear simulacrum (Lair:4)
  3 gnolls (Orc:2)
  3 acid dragon simulacra (IceCv)
  A steam dragon simulacrum (IceCv)
  5 orcs
  A kobold (D:13)
123 creatures vanquished.

Vanquished Creatures (others)
  A quokka (D:14)
  14 demonic plants (Gauntlet)
  4 foxfires (Swamp:4)
  38 fungi
  63 plants
  4 withered plants (Gauntlet)
124 creatures vanquished.

Grand Total: 977 creatures vanquished

Notes
Turn   | Place    | Note
-------+----------+-------------------------------------------
     0 | D:1      | Ajdolov the Djinni Earth Elementalist began the quest for
                  | the Orb.
     0 | D:1      | Reached XP level 1. HP: 15/15 MP: 0/0
   208 | D:1      | Reached XP level 2. HP: 17/21 MP: 0/0
   358 | D:1      | Found Luxocul's Magic Scroll Shop.
   385 | D:1      | Found Cyxta's Distillery.
   415 | D:1      | Found Lalor's General Store.
   779 | D:1      | Found Zusuceux's Weapon Shop.
   802 | D:1      | Reached XP level 3. HP: 19/25 MP: 0/0
   802 | D:1      | Learned a level 1 spell: Foxfire
   908 | D:1      | HP: 1/25 [endoplasm (2)]
  2215 | D:2      | Noticed Terence
  2244 | D:2      | Killed Terence
  2245 | D:2      | Reached XP level 4. HP: 10/31 MP: 0/0
  2913 | D:2      | Noticed Natasha
  2917 | D:2      | Killed Natasha
  2918 | D:2      | Reached XP level 5. HP: 6/35 MP: 0/0
  2918 | D:2      | Learned a level 2 spell: Poisonous Vapours
  3820 | D:3      | Found a one-way gate to the infinite horrors of the Abyss.
  4153 | D:3      | Found a faded altar of an unknown god.
  4439 | D:3      | Found a large runed translucent door.
  4439 | D:3      | Found a large runed translucent door.
  4443 | D:3      | Found a corrupted altar of Lugonu.
  4814 | D:4      | Reached XP level 6. HP: 34/40 MP: 0/0
  5170 | D:4      | Reached skill level 5 in Spellcasting
  5508 | D:4      | Found a glowing drain.
  5512 | Sewer    | Entered a sewer
  6673 | D:5      | Entered Level 5 of the Dungeon
  6676 | D:5      | Noticed a black bear
  6679 | D:5      | Killed a black bear
  6680 | D:5      | Reached XP level 7. HP: 42/45 MP: 0/0
  6680 | D:5      | Learned a level 3 spell: Tukima's Dance
  7219 | D:5      | Reached XP level 8. HP: 26/50 MP: 0/0
  8360 | D:6      | Found Jueganun's Assorted Antiques.
  8608 | D:6      | Reached XP level 9. HP: 10/55 MP: 0/0
  8608 | D:6      | Learned a level 4 spell: Flame Wave
  8965 | D:6      | Found a staircase to the Ecumenical Temple.
  8979 | Temple   | Entered the Ecumenical Temple
  9077 | Temple   | Became a worshipper of Ashenzari the Shackled
 10598 | D:7      | Found a transporter.
 10613 | D:7      | Found a transporter.
 10613 | D:7      | Noticed kae's ghost (novice TeFE)
 10841 | D:8      | Reached skill level 10 in Spellcasting
 11088 | D:8      | Found Zyefis's Fire Supplies.
 11209 | D:8      | Reached XP level 10. HP: 44/60 MP: 0/0
 11319 | D:8      | Reached * piety under Ashenzari
 11513 | D:8      | Noticed a two-headed ogre
 11520 | D:8      | Killed a two-headed ogre
 12236 | D:8      | Found a staircase to the Lair.
 12685 | D:9      | Identified the ring "Poizicosimp" {Fly Str+2}
 12699 | D:9      | Reached ** piety under Ashenzari
 12720 | D:9      | Noticed Erica
 13037 | D:9      | Killed Erica
 13188 | D:9      | Found Iholol's Antique Weapon Emporium.
 13273 | D:9      | Noticed a two-headed ogre
 13277 | D:9      | Killed a two-headed ogre
 13278 | D:9      | Reached skill level 1 in Fighting
 13278 | D:9      | Reached XP level 11. HP: 58/71 MP: 0/0
 13278 | D:9      | Learned a level 4 spell: Summon Lightning Spire
 13287 | D:9      | Noticed Maggie
 13526 | D:9      | Killed Maggie
 13527 | D:9      | Reached skill level 2 in Fighting
 13651 | D:9      | Reached skill level 3 in Fighting
 14061 | D:9      | Found a staircase to the Orcish Mines.
 14470 | D:10     | Entered Level 10 of the Dungeon
 14490 | D:10     | Reached skill level 4 in Fighting
 14629 | D:10     | Identified the +7 hunting sling "Naiv" {vorpal, rC+ Str+3
                  | SInv}
 14629 | D:10     | Identified A Primer on Wizardry
 15047 | D:10     | Reached skill level 5 in Fighting
 15454 | D:10     | Reached *** piety under Ashenzari
 15656 | D:10     | Found a basalt altar of Yredelemnul.
 15748 | D:10     | Found an opulent altar of Gozag.
 15806 | D:10     | Found a hide-covered altar of Uskayaw.
 15806 | D:10     | Found a burning altar of Makhleb.
 15866 | D:11     | Noticed a boulder beetle
 15878 | D:11     | Killed a boulder beetle
 15879 | D:11     | Reached skill level 6 in Fighting
 16059 | D:11     | Noticed Nergalle
 16066 | D:11     | Killed Nergalle
 16067 | D:11     | Reached skill level 7 in Fighting
 16508 | D:11     | Noticed a two-headed ogre
 16523 | D:11     | Killed a two-headed ogre
 16524 | D:11     | Reached skill level 8 in Fighting
 17036 | D:11     | Reached XP level 12. HP: 75/98 MP: 0/0
 17125 | D:11     | Found Qumeong's Serpentskin Sales.
 17414 | D:11     | Reached skill level 9 in Fighting
 17800 | Lair:1   | Entered Level 1 of the Lair of Beasts
 17897 | Lair:1   | Reached skill level 10 in Fighting
 18725 | Lair:1   | Reached skill level 11 in Fighting
 18795 | Lair:1   | Reached skill level 1 in Armour
 19757 | Lair:2   | Identified the +2 war axe of the Riding Tiger {flame,
                  | Dex+7}
 19936 | Lair:2   | Identified the amulet of Tomorrow {Acrobat Rampage rElec
                  | rPois}
 20198 | Lair:2   | Found a staircase to the Snake Pit.
 20233 | Lair:2   | Reached skill level 5 in Armour
 20534 | Lair:2   | Identified Sif Muna's Volume of Toxins and the Escort
 20568 | Lair:2   | Reached XP level 13. HP: 104/111 MP: 0/0
 20568 | Lair:2   | Learned a level 5 spell: Lightning Bolt
 20913 | Lair:3   | Noticed a five-headed hydra
 20918 | Lair:3   | Killed a five-headed hydra
 20919 | Lair:3   | Reached skill level 12 in Fighting
 20958 | Lair:3   | Found a gate leading to a gauntlet.
 20969 | Gauntlet | Entered a Gauntlet
 20969 | Gauntlet | Found a transporter.
 20969 | Gauntlet | Found a transporter.
 21133 | Gauntlet | Found a transporter.
 21133 | Gauntlet | Found a transporter.
 21145 | Gauntlet | Found a transporter.
 21148 | Gauntlet | Found a transporter.
 21153 | Gauntlet | Identified the +0 hat of Forking Paths {Str-5 Int+3 Dex+6
                  | Slay+3}
 21154 | Gauntlet | Found a transporter.
 21154 | Gauntlet | Found a transporter.
 21195 | Gauntlet | Found a transporter.
 21241 | Gauntlet | Found a transporter.
 21247 | Gauntlet | Identified the Reference Book on Igneous Bewitchment
 21252 | Gauntlet | Found a transporter.
 21269 | Gauntlet | Found a transporter.
 21281 | Gauntlet | Found a transporter.
 21283 | Gauntlet | Reached **** piety under Ashenzari
 21454 | Gauntlet | Found a transporter.
 21469 | Gauntlet | Found a transporter.
 21483 | Gauntlet | Found a transporter.
 22220 | Gauntlet | Identified Otuschoargh's Grimoire of Moulding
 22220 | Gauntlet | Identified the +7 war axe of Xeamag {flame, rPois}
 22220 | Gauntlet | Identified the +4 pearl dragon scales "Igiecu" {+Inv rF+
                  | rN+ Will+ Int+4}
 22220 | Gauntlet | Noticed a minotaur
 22227 | Gauntlet | Killed a minotaur
 22228 | Gauntlet | Reached skill level 13 in Fighting
 23157 | Lair:3   | Found a staircase to the Swamp.
 23470 | Lair:4   | Found a frozen archway.
 23525 | Lair:4   | Noticed a catoblepas
 23532 | Lair:4   | Killed a catoblepas
 23577 | Lair:4   | Reached ***** piety under Ashenzari
 23600 | IceCv    | Entered an ice cave
 23630 | IceCv    | Reached skill level 14 in Fighting
 24388 | IceCv    | Noticed a white draconian
 24391 | IceCv    | Killed a white draconian
 24550 | IceCv    | Identified the ring of Awe {rPois rF+ AC+4 Dex-4}
 25003 | Lair:4   | Reached XP level 14. HP: 67/130 MP: 0/0
 25647 | Lair:4   | Reached skill level 15 in Fighting
 25796 | Lair:5   | Noticed Snorg
 26112 | Lair:4   | Killed Snorg
 26833 | Lair:6   | Entered Level 6 of the Lair of Beasts
 26837 | Lair:6   | Reached skill level 5 in Dodging
 28814 | Lair:6   | Reached skill level 16 in Fighting
 28831 | Lair:6   | Reached XP level 15. HP: 89/141 MP: 0/0
 28831 | Lair:6   | Learned a level 6 spell: Death Channel
 28900 | Lair:6   | Found a viscous altar of Jiyva.
 29180 | Lair:6   | Reached skill level 10 in Dodging
 29691 | Lair:6   | Found a staircase to the Slime Pits.
 29913 | Lair:6   | Identified the +7 trident "Ipaf" {freeze, Int+3}
 31348 | D:13     | Noticed Tehoodus's ghost (journeyman TeHu)
 31360 | D:13     | Found a transporter.
 31380 | D:13     | Reached skill level 1 in Shields
 31500 | D:13     | Found a transporter.
 32301 | D:13     | Reached skill level 5 in Shields
 33121 | D:14     | Found a white marble altar of Elyvilon.
 34072 | D:14     | Reached XP level 16. HP: 133/151 MP: 0/0
 34111 | D:14     | Found a gate to the Vaults.
 34466 | D:14     | Reached skill level 17 in Fighting
 34699 | D:14     | Found Uda Vof's Assorted Antiques.
 34700 | D:14     | Found Irhox's Book Shoppe.
 34703 | D:14     | Found Vonkyg's Magic Scroll Shoppe.
 34707 | D:14     | Found Vos Xare's Assorted Antiques.
 34866 | D:15     | Entered Level 15 of the Dungeon
 34872 | D:15     | Noticed a tengu reaver
 34989 | D:15     | Noticed Azrael
 35000 | D:15     | Killed Azrael
 35366 | D:15     | Killed a tengu reaver
 36033 | D:15     | Identified the +10 dagger of the Pure Xalams {venom, rElec
                  | Will+ Str-2 SInv}
 36427 | D:15     | Identified the ring "Kiahengath" {Will+ Int+4 SInv}
 36742 | D:15     | Found a hazy altar of Hepliaklqana.
 36756 | D:15     | Reached skill level 10 in Shields
 36963 | D:15     | Identified the +1 robe of Tuniakhlo {Str+2}
 36985 | D:15     | Noticed a frost giant
 36988 | D:15     | Killed a frost giant
 37133 | D:15     | Identified the ring "Fongiw" {rF+++ Will+ MP+9 Int+2
                  | Stlth-}
 37477 | D:15     | Found a glowing silver altar of Zin.
 37831 | D:15     | Reached XP level 17. HP: 140/157 MP: 0/0
 37831 | D:15     | Learned a level 7 spell: Ozocubu's Refrigeration
 37922 | D:15     | Identified the ring of Ran Xich {rF+ rC- Str+6 Int+5}
 37927 | D:15     | Reached skill level 18 in Fighting
 38116 | D:15     | Found a staircase to the Depths.
 38147 | D:15     | Found a transporter.
 38308 | D:15     | Found a transporter.
 38630 | Orc:1    | Entered Level 1 of the Orcish Mines
 38719 | Orc:2    | Entered Level 2 of the Orcish Mines
 39217 | Orc:2    | Found a staircase to the Elven Halls.
 39237 | Orc:2    | Found a runed translucent gate.
 39307 | Orc:2    | Noticed Citwyu Quru's ghost (journeyman DjFE)
 39991 | Orc:2    | Found Des Waoh's Book Boutique.
 40065 | Orc:2    | Reached skill level 19 in Fighting
 40442 | Orc:2    | Found Daanu's Magic Scroll Shoppe.
 40442 | Orc:2    | Found Tesif's Jewellery Shop.
 40443 | Orc:2    | Found Zown's Antique Armour Shop.
 40443 | Orc:2    | Found Edwaonku's Book Emporium.
 40450 | Orc:2    | Bought a scroll of blinking for 105 gold pieces
 40593 | Orc:2    | Found a runed translucent gate.
 40593 | Orc:2    | Found a runed translucent gate.
 40749 | Swamp:1  | Entered Level 1 of the Swamp
 40749 | Swamp:1  | Noticed a thorn hunter
 40756 | Swamp:1  | Killed a thorn hunter
 41111 | Lair:3   | HP: 6/160 [tyrant leech[a spriggan druid] (15)]
 42057 | Swamp:1  | Identified the +1 leather armour "Ruylueg" {rPois Str+9
                  | Int-2 Dex+3}
 42614 | Swamp:2  | Noticed Jorgrun
 42830 | Swamp:2  | Killed Jorgrun
 43531 | Swamp:3  | Reached XP level 18. HP: 143/167 MP: 0/0
 43960 | Swamp:3  | Reached skill level 15 in Dodging
 44143 | Swamp:3  | Identified the ring of Fezuf {rF- rCorr MP+9 Stlth+}
 44439 | Swamp:4  | Entered Level 4 of the Swamp
 45104 | Swamp:4  | Noticed the 27-headed Lernaean hydra
 45117 | Swamp:4  | HP: 4/167 [the 27-headed Lernaean hydra (11)]
 45117 | Swamp:4  | Slain by the 27-headed Lernaean hydra

Illustrated notes

Levels and vault maps discovered:
D:1:      amcnicky_arrival_double_pillar, layout_basic, serial_shops,
          nicolae_square_shop, nicolae_lakefront_shop,
          nicolae_shop_temple_entry_statues_fountains,
          nicolae_shop_advertising_works [nicolae_subvault_shop_adworks],
          minmay_misc_feat_more_columns, st_stairs_13
D:2:      layout_basic, minivault_5, uniq_terence, uniq_natasha
D:3:      due_chaos_kobolds, layout_basic, nicolae_overflow_crystal_walls,
          hellmonk_ecumenical_altar_crossroads
D:4:      layout_gridville, gup_sewer_entry_bowl
D:5:      layout_loops_ring, kennysheep_decorative_pillar
D:6:      layout_loops_ring, minmay_temple_entry_hall, serial_shops,
          shop_fountains
D:7:      layout_cave_pools, gammafunk_ghost_abyssal_escape, serial_bayou_pond_e
D:8:      layout_cave_pods, lair_entry_dummy, nicolae_shop_fire_sale
          [nicolae_sub_dead_trees]
D:9:      layout_basic, david_orc_5, serial_shops,
          nicolae_shop_overgrown_old_shop, nicolae_water_bricks, uniq_erica,
          uniq_maggie
D:10:     layout_roguey, mainiacjoe_overflow_surrounded_room,
          nicolae_overflow_hidden_temple, kennysheep_orc_sif_temple,
          gammafunk_temple_overflow_elements
D:11:     layout_gridville, guppyfry_shop_venom, uniq_nergalle
D:12:     layout_roguey, minmay_orc_keep
D:13:     layout_layer_cave, gammafunk_ghost_stat_death
D:14:     layout_loops_corners, grunt_vaults_entry_tiered,
          hangedman_decor_slide_cut, minmay_shop_grid_forest, elyvilon_altar_4
D:15:     hangedman_spin_cycle
Temple:   nicolae_temple_elliptical
Lair:1:   layout_cave_shapes, grunt_megastairs_3, infiniplex_staircase_pool_2
Lair:2:   layout_regular_city, guppyfry_snake_entry_island, grunt_megastairs_1
Lair:3:   layout_small_grid, skrybe_swamp_entry_bodies, gauntlet_entry_generic,
          eino_small_chamber_without_monster
Lair:4:   layout_cellular_growth, portal_ice_cave_entry_ice_simulacra
Lair:5:   layout_roguey, uniq_snorg
Lair:6:   gammafunk_lair_ancient_temple, layout_small_grid, slime_altar_1,
          lemuel_fruit_tree
Swamp:1:  layout_falls_marsh, nicolae_swamp_little_tower, swamp_pool1,
          nicolae_swamp_alligator_family
Swamp:2:  layout_basic_swamp, wheals_swamp_sinkhole, infiniplex_staircase_pool,
          uniq_jorgrun
Swamp:3:  layout_basic_swamp, evilmike_swamp_ruin_house_2
Swamp:4:  swamp_old_school, layout_basic_swamp, swamp_pool1
Orc:1:    layout_caves
Orc:2:    st_orc_ogre_mass, layout_diamond_mine, basic_altar, serial_shops,
          nicolae_diamond_shop, ebering_ghost_rock_garden, nicolae_orc_lava_room

Skill      XL: |  1  2  3  4  5  6  7  8  9 10 11 12 13 14 15 16 17 18 |
---------------+-------------------------------------------------------+-----
Spellcasting   | 3 4 5 6 8 10 12 | 12.5
Fighting       | 1 8 11 14 16 17 19 | 19.1
Armour         | 5 7 |  7.5
Dodging        | 9 12 14 15 | 15.7
Shields        | 6 11 | 11.5
Stealth        | |  1.5

Action                   |  1- 3 |  4- 6 |  7- 9 | 10-12 | 13-15 | 16-18 || total
-------------------------+-------+-------+-------+-------+-------+-------++-------
Melee: Short sword       |    41 |       |       |       |       |       ||    41
       Punch             |     1 |     1 |       |       |       |       ||     2
       Dagger            |    26 |       |       |       |       |    10 ||    36
       Mace              |       |   107 |    20 |    22 |     1 |       ||   150
 Cast: Sandblast         |    26 |     1 |     9 |     8 |       |       ||    44
       Stone Arrow       |     4 |    49 |   105 |   215 |     6 |       ||   379
       Poisonous Vapours |       |    15 |    14 |    53 |     6 |     8 ||    96
       Flame Wave        |       |       |     1 |       |     4 |       ||     5
       Summon Lightning  |       |       |       |    12 |    77 |    53 ||   142
       Lightning Bolt    |       |       |       |       |   346 |   419 ||   765
       Death Channel     |       |       |       |       |     2 |       ||     2
       Ozocubu's Refrige |       |       |       |       |       |    17 ||    17
Invok: Curse Item        |       |       |     1 |     4 |     3 |     1 ||     9
       Shatter the Chain |       |       |       |       |       |     2 ||     2
Evoke: Wand              |       |       |       |     3 |       |       ||     3
  Use: Scroll            |       |       |     9 |     3 |     1 |     2 ||    15
       Potion            |       |       |       |       |     1 |     4 ||     5
 Stab: Sleeping          |     1 |     3 |     1 |       |       |       ||     5
       Paralysed         |       |       |       |     1 |       |       ||     1
Armor: Robe              |    10 |    40 |    13 |       |       |       ||    63
       Ring mail         |       |       |     9 |    53 |    75 |    57 ||   194
Dodge: Dodged            |    37 |    95 |    56 |    68 |   118 |    51 ||   425
Block: Kite shield       |       |       |       |       |       |    64 ||    64

Table legend: (Time is in decaauts)
 A = Elapsed time spent in this place.
 B = Non-inter-level travel time spent in this place.
 C = Inter-level travel time spent in this place.
 D = Time resting spent in this place.
 E = Time spent auto-exploring this place.
 F = Levels seen in this place.
 G = Mean time per level.
                   A        B        C        D        E       F      G
               +--------+--------+--------+--------+--------+-----+--------+
         Total |  45224 |  43892 |   1332 |  12703 |  25566 |  31 | 1458.8 |
       Dungeon |  25374 |  24563 |    811 |   6533 |  15234 |  15 | 1691.6 |
        Temple |    121 |     99 |     22 |      0 |     89 |   1 |  121.0 |
          Lair |  10611 |  10235 |    376 |   3169 |   6032 |   6 | 1768.5 |
         Swamp |   3669 |   3581 |     88 |   1317 |   1847 |   4 |  917.2 |
  Orcish Mines |   2015 |   1981 |     34 |    313 |   1377 |   2 | 1007.5 |
         Sewer |   1075 |   1075 |      0 |     96 |    748 |   1 | 1075.0 |
      Ice Cave |   1069 |   1069 |      0 |    830 |     78 |   1 | 1069.0 |
      Gauntlet |   1287 |   1287 |      0 |    445 |    160 |   1 | 1287.0 |
               +--------+--------+--------+--------+--------+-----+--------+

Top non-repeatable levels by time:
    D:15: 3346 daAuts
    D:14: 2365 daAuts
  Lair:5: 2291 daAuts
     D:8: 2288 daAuts
     D:5: 2135 daAuts
     D:1: 2056 daAuts
  Lair:3: 1941 daAuts
   Orc:2: 1922 daAuts
  Lair:6: 1876 daAuts
  Lair:1: 1705 daAuts
     D:2: 1670 daAuts
  Lair:4: 1647 daAuts
     D:9: 1635 daAuts
    D:10: 1600 daAuts
    D:11: 1561 daAuts
